 Dungeon Crawl Stone Soup version 0.30-a0-782-ge64f9170bb (webtiles) character file.

Game seed: 16573416250260404767

24 Crownlay the Sneak (level 2, -8/14 HPs)
             Began as a Spriggan Brigand on Mar 8, 2023.
             Mangled by a worm (10 damage)
             ... on level 2 of the Dungeon.
             The game lasted 00:01:25 (738 turns).

Crownlay the Sneak (Spriggan Brigand)                Turns: 738, Time: 00:01:25

Health: -8/14      AC:  3    Str:  7    XL:     2   Next: 79%
Magic:  4/4        EV: 16    Int: 12    God:
Gold:   38         SH:  0    Dex: 16    Spells: 3/3 levels left

rFire   . . .      SeeInvis +    a - +2 dagger
rCold   . . .      Faith    .    (no shield)
rNeg    . . .      Spirit   .    b - +0 robe
rPois   .          Reflect  .    (helmet restricted)
rElec   .          Harm     .    c - +0 cloak
rCorr   .          Rampage  .    (gloves unavailable)
Will    .....                    (boots unavailable)
Stlth   +++                      (no amulet)
HPRegen 0.22/turn                (no ring)
MPRegen 0.09/turn                (no ring)

@: very quick
A: very small, no large weapons, unfitting armour, see invisible, speed 3
a: no special abilities


You were on level 2 of the Dungeon.
You visited 1 branch of the dungeon, and saw 2 of its levels.

You collected 52 gold pieces.
You spent 14 gold pieces at shops.

Inventory:

Hand Weapons
 a - a +2 dagger (weapon)
Missiles
 d - 9 poisoned darts (quivered)
 e - 3 curare-tipped darts
Armour
 b - a +0 robe (worn)
 c - a +0 cloak (worn)
Scrolls
 f - 2 scrolls of magic mapping {unknown}
 g - a scroll of fear {unknown}
 h - a scroll of teleportation {unknown}
 i - a scroll of identify {unknown}
Potions
 j - 2 potions of heal wounds {unknown}
 k - a potion of brilliance {unknown}


   Skills:
 - Level 1.5 Fighting
 * Level 2.9 Short Blades
 - Level 2.0 Throwing
 - Level 1.3 Dodging
 * Level 6.4 Stealth
 + Level 1.1 Spellcasting


You had 3 spell levels left.
You didn't know any spells.
Your spell library was empty.

Dungeon Overview and Level Annotations

Branches:
Dungeon (2/15)

Altars:

Shops:
D:1 ?


Innate Abilities, Weirdness & Mutations

You are very small and have problems with some larger weapons.
You are too small for most types of armour.
You have supernaturally acute eyesight. (SInv)
You cover ground extremely quickly. (Speed+++)


Message History

You hit the kobold.
You kill the kobold!
Things that are here:
a +0 club; 5 stones; a kobold corpse A ball python is nearby!
A ball python is nearby!
The helpless ball python fails to defend itself.
You stick the ball python like a pincushion!!!
You kill the ball python!
Things that are here:
a +0 club; 5 stones; a kobold corpse A frilled lizard comes into view.
A frilled lizard is nearby!
A worm comes into view.
Found 11 gold pieces.
The frilled lizard hisses angrily.
You hit the frilled lizard.
You kill the frilled lizard!
A kobold comes into view. It is wielding a +0 whip.
There are monsters nearby!
Found a whip.
The kobold shouts!
The worm bites you!
Ouch! That really hurt!
You are too injured to fight recklessly!
You are too injured to fight recklessly!
You are too injured to fight recklessly!
You are too injured to fight recklessly!
You are too injured to fight recklessly!
You are too injured to fight recklessly!
You are too injured to fight recklessly!
You hit the worm but do no damage. The kobold hits you with a +0 whip.
* * * LOW HITPOINT WARNING * * *
You hit the worm but do no damage. The kobold closely misses you.
The worm misses you.
You barely miss the worm. The kobold barely misses you.
You hit the worm but do no damage. The kobold closely misses you.
The worm bites you!
Ouch! That really hurt!
You die...

#.# #.#.# #.###.....$
#####.##.......
#..#.........
#..†..###....
###.....###.###########
#....>....$...........#
#.###.###.......K...).#
# #.# #......@......#
#)# #.......w.....# #.#
#.............# #.#
#...########### #.#
##### ##.### #....#
#.†..# #....#


You could see a worm and a kobold.

Vanquished Creatures
  A dart slug (D:1)
  2 endoplasms (D:1)
  A giant cockroach (D:1)
  2 hobgoblins (D:1)
  4 kobolds
  2 quokkas (D:1)
  2 ball pythons
  A bat (D:1)
  2 frilled lizards
  6 rats
23 creatures vanquished.

Notes
Turn   | Place    | Note
-------+----------+-------------------------------------------
     0 | D:1      | Crownlay the Spriggan Brigand began the quest for the Orb.
     0 | D:1      | Reached XP level 1. HP: 10/10 MP: 2/2
    65 | D:1      | Reached skill level 6 in Stealth
   111 | D:1      | Reached XP level 2. HP: 14/14 MP: 2/4
   198 | D:1      | Found Oneduli's Magic Scroll Emporium.
   223 | D:1      | Bought a scroll of noise for 14 gold pieces
   454 | D:1      | Reached skill level 1 in Spellcasting
   738 | D:2      | Mangled by a worm

Illustrated notes

Levels and vault maps discovered:
D:1:      nzn_arrival_crosshair, layout_basic, serial_shops,
          nicolae_shop_window_shopping, nicolae_figureground_sparkle
D:2:      layout_basic, uniq_crazy_yiuf_cottage

Skill      XL: |  1  2 |
---------------+-------+-----
Stealth        | 6 |  6.4
Spellcasting   | 1 |  1.1
Fighting       | |  1.5
Short Blades   | |  2.9
Throwing       | |  2.0
Dodging        | |  1.3

Action                     || total
---------------------------++-------
  Melee: Dagger            ||    47
   Stab: Sleeping          ||     9
         Distracted        ||     2
 Armour: Robe              ||     5
  Dodge: Dodged            ||    23

Table legend: (Time is in decaauts)
 A = Elapsed time spent in this place.
 B = Non-inter-level travel time spent in this place.
 C = Inter-level travel time spent in this place.
 D = Time resting spent in this place.
 E = Time spent auto-exploring this place.
 F = Levels seen in this place.
 G = Mean time per level.
                   A        B        C        D        E       F      G
               +--------+--------+--------+--------+--------+-----+--------+
         Total |    477 |    456 |     21 |      0 |    337 |   2 |  238.5 |
       Dungeon |    477 |    456 |     21 |      0 |    337 |   2 |  238.5 |
               +--------+--------+--------+--------+--------+-----+--------+

Top non-repeatable levels by time:
     D:1: 449 daAuts
     D:2: 28 daAuts
